 Dungeon Crawl Stone Soup version 0.17-a0-1545-gc1bb672 (webtiles) character file.

1301 Boomshaker the Cleaver (level 8, 0/71 HPs)
             Began as a Hill Orc Fighter on July 18, 2015.
             Slain by a hippogriff (7 damage)
             ... on level 5 of the Dungeon.
             The game lasted 00:06:51 (4663 turns).

Boomshaker the Cleaver (Hill Orc Fighter)           Turns: 4663, Time: 00:06:51

Health: 0/71       AC: 10    Str: 21    XL:     8   Next: 57%
Magic:  8/8        EV:  8    Int:  8    God:
Gold:   148        SH: 10    Dex: 10    Spells: 0 memorised, 7 levels left

rFire  x . .     SeeInvis .     a - +0 war axe
rCold  + . .     Clarity  .     u - +1 scale mail {rN+}
rNeg   + . .     SustAt   .     c - +0 shield
rPois  .         Gourm    .     (no helmet)
rElec  .         Spirit   .     (no cloak)
rCorr  .         Warding  .     i - +1 pair of gloves
rMut   .         Stasis   .     (no boots)
MR     .....                    (no amulet)
Stlth  ..........               (no ring)
                                w - ring of ice

@: not resistant to hostile enchantments, extremely unstealthy
A: no striking features
a: no special abilities


You were on level 5 of the Dungeon.
You were hungry.

You visited 2 branches of the dungeon, and saw 6 of its levels.

You collected 148 gold pieces.

Inventory:

Hand weapons
 a - a +0 war axe (weapon)
 n - a +0 vampiric scythe
Armour
 b - a +0 scale mail
 c - a +0 shield (worn)
 i - a +1 pair of gloves (worn)
 u - a +1 scale mail of positive energy (worn)
Jewellery
 w - a ring of ice (left hand)
Magical devices
 A - a wand of disintegration (9)
Scrolls
 f - 2 scrolls of magic mapping {unknown}
 k - 2 scrolls of enchant weapon {unknown}
 l - 4 scrolls of identify {unknown}
 o - 2 scrolls of remove curse {unknown}
 p - 2 scrolls of blinking {unknown}
 q - 4 scrolls of teleportation {unknown}
 s - a scroll of immolation {unknown}
 x - a scroll of fog {unknown}
 y - a scroll of amnesia {unknown}
Potions
 d - 3 potions of might
 g - a potion of flight
 j - a potion of resistance {unknown}
 m - a potion of heal wounds {unknown}
 r - 3 potions of brilliance {unknown}
 v - a potion of ambrosia {unknown}
 C - a potion of agility {unknown}
Comestibles
 e - 6 bread rations
 h - a beef jerky
 t - 4 fruits
 z - a meat ration


   Skills:
 + Level 6.5 Fighting
 * Level 8.7 Axes
 + Level 6.0 Armour
 + Level 5.9 Shields


You had 7 spell levels left.
You didn't know any spells.

Dungeon Overview and Level Annotations

Branches:
Dungeon (5/15)             Temple (1/1) D:5

Altars:
Ashenzari
Cheibriados
Dithmenos
Elyvilon
Fedhas
Kikubaaqudgha
Makhleb
Nemelex Xobeh
Qazlal
Sif Muna
Trog
Vehumet
Xom
Zin
The Shining One


Message History

The hippogriff is heavily wounded.
You block the hippogriff's attack. The hippogriff pecks you.
* * * LOW HITPOINT WARNING * * *
The hippogriff claws you but does no damage.
You are too injured to fight recklessly!
You are too injured to fight recklessly!
You barely miss the hippogriff.
The hippogriff is heavily wounded.
The hippogriff closely misses you. The hippogriff pecks you.
* * * LOW HITPOINT WARNING * * *
The hippogriff barely misses you.
You closely miss the hippogriff.
The hippogriff is heavily wounded.
The hippogriff bites you.
* * * LOW HITPOINT WARNING * * *
The hippogriff pecks you but does no damage.
The hippogriff claws you.
* * * LOW HITPOINT WARNING * * *
The hippogriff bites you!
You die...

...## ...##
≈≈≈≈§§≈..≈§§≈§≈
....#
§≈≈≈§≈§..≈§≈≈≈≈
....#
≈≈≈§§≈≈..≈≈§§≈≈
..<.#
§≈§§§≈.§§§≈≈§≈§
....####
§≈≈§§≈.§≈§≈§≈§§
.......#
§§§§≈≈≈?§§≈§≈≈≈
#..###.#
§§§§§§§.H≈≈≈§≈≈
#### #.#
≈§≈≈§§≈@§≈§§§§≈
#.##≈§≈≈≈≈§§.≈≈§§≈≈
#..##≈≈≈§§§..≈§§§≈≈
##..##§≈≈§≈..§§§§≈#
##..##≈≈≈≈..≈≈≈§##
##..##≈≈≈..§≈≈##
##..####''####
##..[....#
#########


You could see a hippogriff.

Vanquished Creatures
  Grinder (D:4)
  Sigmund (D:2)
  A phantom (D:5)
  An ogre (D:5)
  A scorpion (D:4)
  3 hounds
  4 orc priests
  Jessica (D:3)
  An iguana (D:5)
  Terence (D:3)
  2 worker ants
  4 orc wizards
  9 adders
  7 gnolls
  An ooze (D:1)
  2 worms (D:2)
  22 orcs
  5 bats
  6 giant cockroaches
  9 goblins
  12 hobgoblins
  18 kobolds
  2 ball pythons
  3 giant geckos
  2 giant newts (D:2)
  5 quokkas
  A quokka skeleton (D:5)
  5 rats
130 creatures vanquished.

Notes
Turn   | Place    | Note
--------------------------------------------------------------
     0 | D:1      | Boomshaker the Hill Orc Fighter began the quest for the Orb.
     0 | D:1      | Reached XP level 1. HP: 19/19 MP: 1/1
    49 | D:1      | Reached XP level 2. HP: 21/27 MP: 2/2
   163 | D:1      | Reached skill level 4 in Fighting
   321 | D:1      | Reached XP level 3. HP: 33/33 MP: 3/3
   679 | D:2      | Reached XP level 4. HP: 35/40 MP: 4/4
   806 | D:2      | Noticed Sigmund
   817 | D:2      | Killed Sigmund
   817 | D:2      | Reached skill level 5 in Axes
   817 | D:2      | Reached XP level 5. HP: 45/47 MP: 5/5
   817 | D:2      | Reached XP level 6. HP: 52/55 MP: 6/6
  1422 | D:3      | Reached skill level 5 in Fighting
  1620 | D:3      | Noticed Terence
  1628 | D:3      | Killed Terence
  1669 | D:3      | Found a faded altar to an unknown god.
  1722 | D:3      | Reached skill level 6 in Axes
  1820 | D:3      | Noticed Jessica
  1827 | D:3      | Killed Jessica
  2423 | D:4      | Reached XP level 7. HP: 45/61 MP: 7/7
  2963 | D:4      | Reached skill level 5 in Shields
  2984 | D:4      | Found a shimmering altar of Xom.
  3030 | D:4      | HP: 3/62 [poisoned by a worker ant]
  3326 | D:4      | Found a shadowy altar of Dithmenos.
  3326 | D:4      | Found a radiant altar of Vehumet.
  3549 | D:5      | Entered Level 5 of the Dungeon
  3552 | D:5      | Noticed Grinder
  3564 | D:4      | Reached skill level 5 in Armour
  3596 | D:4      | Paralysed by Grinder for 4 turns
  3613 | D:4      | Paralysed by Grinder for 6 turns
  3620 | D:4      | Killed Grinder
  3620 | D:4      | Reached skill level 7 in Axes
  3620 | D:4      | Reached XP level 8. HP: 47/70 MP: 8/8
  4017 | D:5      | Reached skill level 8 in Axes
  4323 | D:5      | Found a white marble altar of Elyvilon.
  4350 | D:5      | Found a staircase to the Ecumenical Temple.
  4359 | Temple   | Entered the Ecumenical Temple
  4643 | D:5      | Noticed a hippogriff
  4663 | D:5      | Slain by a hippogriff

Vault maps used:
D:1:      onia_arrival_mini_spirals, st_stairs_3, kennysheep_decorative_pillar
D:2:      uniq_sigmund
D:3:      ecumenical_altar_2, uniq_terence, uniq_jessica
D:4:      minitemple
D:5:      kennysheep_big_flooded_room, kennysheep_mini, lemuel_round_altar,
          minmay_temple_entry_enclosed_plants, first_bread,
          kennysheep_generic_room_10, uniq_blork_the_orc, uniq_grinder
Temple:   triangle_lava_temple_11

Action                   |  1- 3 |  4- 6 |  7- 9 || total
-------------------------+-------+-------+-------++-------
Melee: War axe           |    96 |   191 |   202 ||   489
  Use: Potion            |       |       |     3 ||     3
  Eat: Chunk             |       |     3 |     5 ||     8
       Bread ration      |       |     1 |       ||     1
